 Dungeon Crawl Stone Soup version 0.17.2-1-ge4368a0 (webtiles) character file.

228 Charly the Insei (level 6, -7/32 HPs)
             Began as a Vine Stalker Monk on July 9, 2017.
             Mangled by an orc warrior
             ... wielding a +0 war axe
              (13 damage)
             ... in a bailey.
             The game lasted 00:08:42 (736 turns).

Charly the Insei (Vine Stalker Monk)                 Turns: 736, Time: 00:08:42

Health: -7/32      AC:  8    Str: 15    XL:     6   Next: 2%
Magic:  0/7        EV: 10    Int: 10    God:
Gold:   10         SH:  0    Dex: 17    Spells: 0 memorised, 5 levels left

rFire  . . .     SeeInvis .       - Unarmed
rCold  . . .     Clarity  .     o - +0 scale mail
rNeg   . . .     SustAt   .     (no shield)
rPois  .         Gourm    .     j - +1 helmet
rElec  .         Spirit   +     (no cloak)
rCorr  .         Warding  .     (no gloves)
rMut   .         Stasis   .     (no boots)
MR     .....                    (no amulet)
Stlth  +.........               (no ring)
                                (no ring)

@: about to teleport, very slightly contaminated, not resistant to hostile
enchantments, very unstealthy
A: fangs 2, regeneration 2, magic shield, antimagic bite, no device heal 3, rot
immunity
a: no special abilities


You were in a bailey.
You were not hungry.

You visited 1 branch of the dungeon, and saw 7 of its levels.
You also visited: Bailey.

You collected 10 gold pieces.

Inventory:

Armour
 a - a +0 robe
 j - a +1 helmet (worn)
 o - a +0 scale mail (worn)
 r - a cursed +0 leather armour
Scrolls
 d - a scroll of enchant armour
 i - a scroll of remove curse
 p - a scroll of random uselessness
Potions
 f - 2 potions of lignification {unknown}
 k - a potion of agility {unknown}
 l - a potion of ambrosia {unknown}
 m - 2 potions of cancellation {unknown}
 q - 2 potions of curing {unknown}
Comestibles
 b - 2 bread rations
 c - 2 meat rations


   Skills:
 - Level 3.1 Fighting
 - Level 2.4 Dodging
 - Level 2.4 Stealth
 + Level 6.8 Unarmed Combat


You had 5 spell levels left.
You didn't know any spells.

Dungeon Overview and Level Annotations

Branches:
Dungeon (7/15)
 Temple: D:4-7

Altars:


Innate Abilities, Weirdness & Mutations

You have extremely sharp teeth.
You heal very quickly.
When hurt, damage is shared between your health and your magic reserves.
Your bite disrupts and absorbs the magic of your enemies.
Potions and wands cannot restore your health.
You are immune to rotting.


Message History

Blink to where?
Press: ? - help, Dir - move target cursor You are very lightly contaminated with residual magic.
As you read the scroll labeled BAEGER YRYOMP, it crumbles to dust.
It was a scroll of blinking.
A hobgoblin comes into view. It is wielding a hand axe.
The orc warrior shouts!
The hobgoblin moves out of view.
A hobgoblin comes into view. It is wielding a hand axe.
e - a scroll labeled INOMIMUPRO The hobgoblin shouts!
The goblin barely misses you.
A hobgoblin comes into view. It is wielding a hand axe.
Read which item? (? for menu, Esc to quit)
As you read the scroll labeled INOMIMUPRO, it crumbles to dust.
You feel strangely unstable.
It was a scroll of teleportation.
The hobgoblin hits you with a hand axe.
* * * LOW HITPOINT WARNING * * *
The orc warrior hits you with a war axe!
You die...

####### ##!!∩??## #.!o.o@!#
##....ggo#* #.........#
##......o.g#*
#######.....⌠.g.g.*******
##..o..##......o..##,,,,,**
#.......'.........g,,,,,,,*
##.o.....##.......##.,,,,,,**
#.........#......o#,,,,,,,,,*


You could see 3 orc warriors, 2 orcs, 4 hobgoblins and 2 goblins.

Vanquished Creatures
  A scorpion (D:7)
  A hound (D:4)
  A giant frog skeleton (D:7)
  An adder (D:2)
  6 gnolls (Bailey)
  An ooze (D:3)
  A giant gecko (D:4)
  4 orcs (Bailey)
  4 bats
  3 giant cockroaches
  10 hobgoblins
  A ball python (D:7)
  3 giant newts
  8 goblins
  A jackal skeleton (D:7)
  A kobold (D:2)
  A rat (D:1)
48 creatures vanquished.

Notes
Turn   | Place    | Note
--------------------------------------------------------------
     0 | D:1      | Charly the Vine Stalker Monk began the quest for the Orb.
     0 | D:1      | Reached XP level 1. HP: 11/11 MP: 2/2
   138 | D:2      | Reached XP level 2. HP: 7/16 MP: 3/3
   309 | D:3      | Reached XP level 3. HP: 19/19 MP: 4/4
   358 | D:3      | Reached skill level 5 in Unarmed Combat
   409 | D:4      | Reached XP level 4. HP: 12/24 MP: 5/5
   412 | D:5      | Entered Level 5 of the Dungeon
   414 | D:5      | Noticed an ogre
   441 | D:6      | Noticed a giant frog
   473 | D:7      | Found a flagged portal.
   486 | D:7      | Reached skill level 6 in Unarmed Combat
   486 | D:7      | Reached XP level 5. HP: 25/28 MP: 6/6
   506 | Bailey   | Entered a bailey
   631 | Bailey   | Noticed an orc warrior
   712 | Bailey   | Noticed an orc warrior
   713 | Bailey   | Gained mutation: You heal very quickly. [Vine Stalker growth]
   713 | Bailey   | Reached XP level 6. HP: 11/32 MP: 7/7
   716 | Bailey   | Noticed an orc warrior
   723 | Bailey   | Noticed an orc warrior
   727 | Bailey   | Noticed an orc warrior
   736 | Bailey   | Mangled by an orc warrior

Action                   |  1- 3 |  4- 6 || total
-------------------------+-------+-------++-------
Melee: Unarmed           |    67 |   128 ||   195
  Use: Scroll            |       |    10 ||    10
